 Dungeon Crawl Stone Soup version 0.20.1-1-g8b1a95d (webtiles) character file.

19279 dohliylev the Unseen (level 12, -8/89 HPs)
             Began as a Vampire Assassin on July 8, 2017.
             Was a High Priest of Dithmenos.
             Killed from afar by an ice dragon (58 damage)
             ... with a blast of cold
             ... on level 11 of the Dungeon on July 9, 2017.
             The game lasted 02:37:20 (19953 turns).

dohliylev the Unseen (Vampire Assassin)            Turns: 19953, Time: 02:37:20

Health: -8/89      AC:  0    Str: 10    XL:     12   Next: 35%
Magic:  10/12      EV: 30    Int: 14    God:    Dithmenos [*****.]
Gold:   866        SH:  0    Dex: 25    Spells: 11/11 levels left

rFire    . . .     SeeInvis +   (weapon currently unavailable)
rCold    . . .     Gourm    .   (shield currently unavailable)
rNeg     + . .     Faith    .   (armour currently unavailable)
rPois    .         Spirit   .   (helmet currently unavailable)
rElec    .         Reflect  .   (cloak currently unavailable)
rCorr    .         Harm     .   (gloves currently unavailable)
MR       +....                  (boots currently unavailable)
Stlth    ++++++++++             M - amulet of regeneration
Regen    0.7/turn               (ring currently unavailable)
MPRegen  0.2/turn               (ring currently unavailable)

@: bat-form, flying, wreathed by umbra, very quick
A: fangs 3, see invisible
a: End Transformation, Shadow Step, Shadow Form, Renounce Religion


You were on level 11 of the Dungeon.
You worshipped Dithmenos.
Dithmenos was extremely pleased with you.
You were not thirsty.
You were in vampire-bat-form.
You visited 2 branches of the dungeon, and saw 12 of its levels.
You also visited: Bailey.

You collected 866 gold pieces.

Inventory:

Hand Weapons
 a - a +2 dagger of venom
 b - a +0 blowgun
 y - a +2 dagger of draining (melded)
 J - a +0 rapier
 S - a +3 dagger
 Y - the +8 broad axe "Coeplueso" {freeze, *Noise Str+4 Int+4}
   (You found it on level 11 of the Dungeon)

   It has been specially enchanted to freeze those struck by it, causing extra
   injury to most foes and up to half again as much damage against particularly
   susceptible opponents.
   It can also slow down cold-blooded creatures.
   It affects your strength (+4).
   It affects your intelligence (+4).
   It may make noises in combat.
Missiles
 e - 60 poisoned needles
 f - 6 curare-tipped needles (quivered)
 k - 16 tomahawks
 K - 9 tomahawks of returning
 T - 4 silver tomahawks
Armour
 c - a +0 robe (melded)
 d - a +0 cloak (melded)
 p - a +0 shield (melded)
 G - the +3 gold dragon scales of Daydosai {rPois rF+ rC+ Dex+4}
   (You found it in a bailey)

   It affects your dexterity (+4).
   It protects you from fire.
   It protects you from cold.
   It protects you from poison.
 H - a +2 helmet of see invisible (melded)
 P - a +0 pair of boots (melded)
Jewellery
 i - an uncursed amulet of guardian spirit
 j - a +5 ring of protection
 t - a +2 ring of evasion (melded)
 u - a +2 amulet of reflection
 M - an amulet of regeneration (around neck)
 V - a ring of ice (melded)
Wands
 D - a wand of lightning (5/15)
 F - a wand of enslavement (14/24)
 W - a wand of iceblast (5/15)
 X - a wand of iceblast (4/15)
 Z - a wand of confusion (20/48)
Scrolls
 h - 3 scrolls of remove curse
 o - a scroll of holy word {unknown}
 r - a scroll of amnesia
 w - a scroll of identify
 x - a scroll of noise {unknown}
 z - 2 scrolls of fog {unknown}
 A - 2 scrolls of enchant armour
 C - a scroll of recharging {unknown}
 E - a scroll of fear {unknown}
 O - 2 scrolls of enchant weapon {unknown}
 U - a scroll of magic mapping
Potions
 g - 15 potions of blood
 l - 4 potions of curing
 m - a potion of flight {unknown}
 n - a potion of lignification {unknown}
 q - 2 potions of brilliance {unknown}
 v - 2 potions of haste
 B - a potion of experience {unknown}
 I - a potion of heal wounds {unknown}
 N - a potion of ambrosia {unknown}
 Q - a potion of cancellation {unknown}
Miscellaneous
 L - a phial of floods
 R - a box of beasts


   Skills:
 + Level 6.3 Fighting
 + Level 8.5 Short Blades
 + Level 8.0 Throwing
 + Level 7.8 Dodging
 + Level 17.8 Stealth
 * Level 6.4 Shields


You had 11 spell levels left.
You didn't know any spells.

Dungeon Overview and Level Annotations

Branches:
Dungeon (11/15)            Temple (1/1) D:4            Lair (0/6) D:11
    Orc: D:9-12

Altars:
Ashenzari
Cheibriados
Dithmenos
Elyvilon
Fedhas
Gozag
Hepliaklqana
Kikubaaqudgha
Makhleb
Nemelex Xobeh
Okawaru
Qazlal
Ru
Sif Muna
Trog
Uskayaw
Vehumet
Xom
Yredelemnul
Zin
The Shining One
Jiyva

Shops:
D:9 ([:   D:10 *

Annotations:
D:3 Menkaure
D:4 scotch's ghost, novice VSAs
D:5 Frank's ghost, novice GrFi
D:7 Thaneod's ghost, novice MiBe
D:8 Thaneod's ghost, novice MiBe


Innate Abilities, Weirdness & Mutations

You have razor-sharp teeth.
You have supernaturally acute eyesight. (SInv)
((You can survive without breathing.))


Message History

The bullfrog skeleton barely misses you.
You hit the bullfrog skeleton. You bite the bullfrog skeleton.
You destroy the bullfrog skeleton!
Dithmenos accepts your kill. The ice dragon breathes frost at you.
The blast of cold hits you! You resist.
You turn into a vampire bat.
Your +2 dagger of draining melds into your body.
Your +0 cloak melds into your body.
Your +2 helmet of see invisible melds into your body.
Your +0 pair of boots melds into your body.
Your +0 shield melds into your body.
Your +0 robe melds into your body.
Your ring of ice melds into your body.
Your +2 ring of evasion melds into your body.
The ice dragon misses you. The ice dragon completely misses you.
The ice dragon closely misses you. The ice dragon breathes frost at you.
The blast of cold hits you!
Ouch! That really hurt!
You die...

#.#########'#.#.#.#.# ######...#
#.# #.#.#.#.#.# #....'...# #.#
##.#.#.#.#.# #.####...# ##.#
#....#.#.#.#.#.# #...# )).#
#....#.#.#.#.#.# #...# ####
#....#D#.#)#.#.# #...#
###########....#.#.#)#.#.########
#......).......#.#.#)#.#.........
#....#####.....#b#.#.#.##########
#....#####.....#.#.#.#........)..
'.......##.#'#.#.#...............
#....##.##.#.#.#.#...............
+.....#%##.#.........###########.
#.....#.##.#.#.......# #...
#.....#.##.#.#..._...# #..#
#.....#.##.#.#.......# #...
####..#.##.#.#.......# #.#.


You could see an ice dragon.

Vanquished Creatures
  4 two-headed ogres
  A queen ant (D:8)
  Nergalle (D:11)
  2 unseen horrors
  An ugly thing (D:11)
  A centaur zombie (D:11)
  2 gargoyles
  3 rime drakes (D:11)
  A troll (D:10)
  A slime creature (D:10)
  2 hippogriffs
  Sigmund (D:2)
  A vampire (D:10)
  4 yaks (D:10)
  A water moccasin (D:6)
  20 soldier ants (D:8)
  11 orc warriors
  4 sky beasts
  A black bear (D:10)
  6 ice beasts
  A necrophage (D:8)
  5 ogres
  2 phantoms
  9 centaurs
  A crocodile (D:11)
  A big kobold (D:8)
  6 bullfrogs
  2 gnoll sergeants
  4 scorpions
  A water moccasin skeleton (D:5)
  19 killer bees
  6 wights
  4 howler monkeys (D:10)
  5 crimson imps
  A quasit (D:10)
  A bullfrog zombie (D:8)
  4 hounds
  3 bullfrog skeletons
  A centaur skeleton (D:6)
  10 orc priests
  11 jellies
  3 iguanas
  Ijyb (D:5)
  18 orc wizards
  26 worker ants
  A hound zombie (D:11)
  3 hound skeletons
  Robin (D:4)
  11 gnolls
  A howler monkey skeleton (D:6)
  13 adders
  3 shadow imps
  6 oozes
  2 adder skeletons
  An adder zombie (D:5)
  A worm (D:2)
  2 dart slugs
  4 leopard geckos
  88 orcs
  5 giant cockroaches
  13 hobgoblins
  33 jackals
  5 quokkas
  2 ball pythons (D:3)
  10 bats
  9 frilled lizards
  16 goblins
  10 kobolds
  4 rats
  A plant (D:8)
458 creatures vanquished.

Vanquished Creatures (others)
  An orc wizard (D:11)
  An orc (D:4)
  8 fungi (D:3)
  34 plants (D:8)
44 creatures vanquished.

Grand Total: 502 creatures vanquished

Notes
Turn   | Place    | Note
-------+----------+-------------------------------------------
     0 | D:1      | dohliylev the Vampire Assassin began the quest for the Orb.
     0 | D:1      | Reached XP level 1. HP: 16/16 MP: 1/1
    23 | D:1      | Reached skill level 6 in Stealth
   412 | D:1      | Reached XP level 2. HP: 18/22 MP: 2/2
   595 | D:1      | Reached skill level 7 in Stealth
   595 | D:1      | Reached XP level 3. HP: 27/27 MP: 3/3
  1206 | D:2      | Found a basalt altar of Yredelemnul.
  1266 | D:2      | Reached XP level 4. HP: 21/33 MP: 4/4
  1522 | D:2      | Found a faded altar of an unknown god.
  1659 | D:2      | Noticed Sigmund
  1694 | D:2      | Killed Sigmund
  1694 | D:2      | Reached XP level 5. HP: 39/39 MP: 5/5
  1862 | D:3      | Reached XP level 6. HP: 46/46 MP: 6/6
  2462 | D:3      | Reached skill level 8 in Stealth
  3032 | D:4      | Noticed Menkaure
  3430 | D:4      | Noticed Robin
  3444 | D:4      | Killed Robin
  4899 | D:4      | Noticed scotch's ghost (novice VSAs)
  5116 | D:4      | Reached XP level 7. HP: 31/52 MP: 7/7
  5963 | D:4      | Found a staircase to the Ecumenical Temple.
  5972 | Temple   | Entered the Ecumenical Temple
  6004 | Temple   | Became a worshipper of Dithmenos the Shadowed
  6565 | D:5      | Entered Level 5 of the Dungeon
  6696 | D:5      | Noticed Ijyb
  6697 | D:5      | Reached skill level 9 in Stealth
  6719 | D:5      | Reached skill level 5 in Short Blades
  6738 | D:5      | Killed Ijyb
  6939 | D:5      | Reached XP level 8. HP: 55/58 MP: 8/8
  6966 | D:5      | Reached * piety under Dithmenos
  7089 | D:5      | Noticed Frank's ghost (novice GrFi)
  7154 | D:5      | Reached skill level 10 in Stealth
  7932 | D:6      | Reached skill level 5 in Throwing
  7932 | D:6      | Reached skill level 11 in Stealth
  8514 | D:6      | Reached XP level 9. HP: 65/65 MP: 9/9
  8531 | D:6      | Reached ** piety under Dithmenos
  9102 | D:6      | Reached skill level 1 in Shields
  9498 | D:6      | Reached skill level 12 in Stealth
  9770 | D:7      | Found an opulent altar of Gozag.
  9777 | D:7      | Noticed Thaneod's ghost (novice MiBe)
  9836 | D:7      | Found a flagged portal.
  9880 | Bailey   | Entered a bailey
 10290 | Bailey   | Got topaz-encrusted gold dragon scales
 10345 | Bailey   | Identified the +3 gold dragon scales of Daydosai {rPois rF+ rC+ Dex+4} (You found it in a bailey)
 10984 | D:8      | Noticed Thaneod's ghost (novice MiBe)
 11000 | D:8      | Reached skill level 13 in Stealth
 11028 | D:8      | Reached *** piety under Dithmenos
 11090 | D:8      | Reached XP level 10. HP: 69/73 MP: 10/10
 11104 | D:8      | Reached skill level 5 in Dodging
 11205 | D:8      | Reached skill level 14 in Stealth
 11208 | D:8      | Noticed a queen ant
 11236 | D:8      | Killed a queen ant
 11236 | D:8      | Reached skill level 15 in Stealth
 11441 | D:8      | Reached skill level 5 in Fighting
 11461 | D:8      | Reached skill level 16 in Stealth
 11603 | D:8      | HP: 3/74 [poisoned by a soldier ant]
 12171 | D:8      | Reached **** piety under Dithmenos
 12460 | D:8      | Noticed a two-headed ogre
 12729 | D:8      | Killed a two-headed ogre
 12729 | D:8      | Reached XP level 11. HP: 43/80 MP: 11/11
 13164 | D:8      | Noticed an unseen horror
 13190 | D:8      | Killed an unseen horror
 13190 | D:8      | Reached skill level 17 in Stealth
 13549 | D:8      | Found a sparkling altar of Nemelex Xobeh.
 13550 | D:8      | Found a burning altar of Makhleb.
 13784 | D:9      | Found Eleruc's Antique Armour Shop.
 13845 | D:9      | Found Kapezoi's Weapon Shoppe.
 13918 | D:9      | Found Badilecu's Book Shop.
 14737 | D:10     | Entered Level 10 of the Dungeon
 14950 | D:10     | Reached ***** piety under Dithmenos
 15431 | D:10     | Found Juxy's General Store.
 15433 | D:10     | Found a viscous altar of Jiyva.
 17176 | D:11     | Found a staircase to the Lair.
 17405 | D:11     | Noticed an ice dragon
 17606 | D:11     | Reached skill level 5 in Shields
 17810 | D:11     | Got the broad axe "Coeplueso" {freeze}
 17897 | D:11     | Identified the +8 broad axe "Coeplueso" {freeze, *Noise Str+4 Int+4} (You found it on level 11 of the Dungeon)
 17917 | D:11     | Noticed an unseen horror
 17921 | D:11     | Killed an unseen horror
 18020 | D:11     | Found a shattered altar of Ashenzari.
 18021 | D:11     | Noticed a two-headed ogre
 18025 | D:11     | Noticed a two-headed ogre
 18059 | D:11     | Killed a two-headed ogre
 18059 | D:11     | Reached XP level 12. HP: 88/88 MP: 12/12
 18114 | D:11     | Killed a two-headed ogre
 18450 | D:11     | Noticed a two-headed ogre
 18543 | D:11     | Found a hazy altar of Hepliaklqana.
 18755 | D:11     | Killed a two-headed ogre
 18854 | D:11     | Noticed Nergalle
 19700 | D:11     | Killed Nergalle
 19953 | D:11     | Killed from afar by an ice dragon

Skill      XL: |  1  2  3  4  5  6  7  8  9 10 11 12 |
---------------+-------------------------------------+-----
Stealth        | 6 7 8 9 11 13 16 17 | 17.8
Fighting       | 2 3 4 5 6 |  6.3
Dodging        | 2 3 4 5 7 |  7.8
Throwing       | 2 3 4 5 6 7 8 |  8.0
Short Blades   | 3 5 6 7 8 |  8.5
Shields        | 2 5 6 |  6.4

Action                   |  1- 3 |  4- 6 |  7- 9 | 10-12 || total
-------------------------+-------+-------+-------+-------++-------
Melee: Dagger            |    97 |   145 |   422 |   946 ||  1610
       Bite              |    10 |    12 |    53 |   133 ||   208
       Scythe            |       |     1 |       |       ||     1
       Rapier            |       |       |     9 |    80 ||    89
       Unarmed           |       |       |     3 |       ||     3
 Fire: Blowgun           |    17 |    57 |   177 |   148 ||   399
Throw: Tomahawk          |       |       |     1 |    35 ||    36
Invok: Shadow Step       |       |       |       |     2 ||     2
 Abil: Bat Form          |       |     5 |    18 |    25 ||    48
       End Transformatio |       |     5 |    18 |    24 ||    47
  Use: Potion            |       |     6 |    15 |    25 ||    46
       Scroll            |       |       |     8 |     8 ||    16
 Stab: Sleeping          |     7 |     8 |    29 |    39 ||    83
       Distracted        |       |     2 |     4 |     9 ||    15
  Eat: Corpse            |     3 |       |     3 |     4 ||    10
Armor: Robe              |    29 |    26 |    45 |    91 ||   191
Dodge: Dodged            |    67 |   100 |   204 |   523 ||   894
Block: Other             |       |     5 |     8 |       ||    13
       Reflection        |       |     2 |       |     1 ||     3
       Shield            |       |       |    84 |   334 ||   418
